Workbook

Sheet PROYECTOS 2023
J2: 1er. Trimestre | O2: 2do. Trimestre | T2: 3er. Trimestre | Y2: 4to. Trimestre
B3: PROYECTO1.- MANTENIMIENTO DE ESPACIOS PÚBLICOS | C3: Asignación Inicial | D3: Reformas | H3: Codificado | J3: Comprom. | K3: Devengado | L3: Pagado | M3: Saldo por Comprometer | N3: Saldo por devengar | O3: Comprom. | P3: Devengado | Q3: Pagado | R3: Saldo por Comprometer | S3: Saldo por devengar | T3: Comprom. | U3: Devengado | V3: Pagado | W3: Saldo por Comprometer | X3: Saldo por devengar | Y3: Comprom. | Z3: Devengado | AA3: Pagado | AB3: Saldo por Comprometer | AC3: Saldo por devengar | AD3: total pagado | AE3: Total Comprometido | AF3: Total Devengado | AG3: Saldo por Comprometer | AH3: Saldo por devengar
B4: GASTOS DE INVERSION
A5: 71 | B5: GASTOS EN PERSONAL PARA INVERSION
A6: 7101050 | B6: Remuneraciones Unificadas | C6: 5400 | H6: =+C6+D6 -> 5400 | I6: =+H6 -> 5400 | J6: 1350 | K6: 1350 | L6: 1273.57 | M6: =+H6-J6 -> 4050 | N6: =+H6-K6 -> 4050 | O6: 1350 | P6: 1350 | Q6: 942.52 | R6: =+M6-O6 -> 2700 | S6: =+N6-P6 -> 2700 | T6: 1350 | U6: 1350 | V6: 1748.48 | W6: =+R6-T6 -> 1350 | X6: =+S6-U6 -> 1350 | Y6: 1350 | Z6: 1350 | AA6: 1350.02 | AB6: =+W6-Y6 -> 0 | AC6: =+X6-Z6 -> 0 | AD6: =+L6+Q6+V6+AA6 -> 5314.59 | AE6: =+J6+O6+T6+Y6 -> 5400 | AF6: =+Z6+U6+P6+K6 -> 5400 | AG6: =+H6-AE6 -> 0 | AH6: =+H6-AF6 -> 0
A7: 7102030 | B7: Decimotercer Sueldo | C7: 450 | H7: =+C7+D7 -> 450 | I7: =+H7 -> 450 | J7: 0 | K7: 0 | L7: 0 | M7: =+H7-J7 -> 450 | N7: =+H7-K7 -> 450 | O7: 0 | P7: 0 | Q7: 0 | R7: =+N7-O7 -> 450 | S7: =+N7-P7 -> 450 | T7: 0 | U7: 0 | V7: 0 | W7: =+R7-T7 -> 450 | X7: =+S7-U7 -> 450 | Y7: 447.92 | Z7: 447.92 | AA7: 447.92 | AB7: =+W7-Y7 -> 2.08 | AC7: =+X7-Z7 -> 2.08 | AD7: =+L7+Q7+V7+AA7 -> 447.92 | AE7: =+Y7+T7+O7+J7 -> 447.92 | AF7: =+Z7+U7+P7+K7 -> 447.92 | AG7: =+H7-AE7 -> 2.08 | AH7: =+H7-AF7 -> 2.08
A8: 7102040 | B8: Decimocuarto Sueldo | C8: 450 | H8: =+C8+D8 -> 450 | I8: =+H8 -> 450 | J8: 0 | K8: 0 | L8: 0 | M8: =+H8-J8 -> 450 | N8: =+H8-K8 -> 450 | O8: 0 | P8: 0 | Q8: 0 | R8: =+N8-O8 -> 450 | S8: =+N8-P8 -> 450 | T8: 450 | U8: 450 | V8: 450 | W8: =+R8-T8 -> 0 | X8: =+S8-U8 -> 0 | Y8: 0 | Z8: 0 | AA8: 0 | AB8: =+W8-Y8 -> 0 | AC8: =+X8-Z8 -> 0 | AD8: =+L8+Q8+V8+AA8 -> 450 | AE8: =+Y8+T8+O8+J8 -> 450 | AF8: =+Z8+U8+P8+K8 -> 450 | AG8: =+H8-AE8 -> 0 | AH8: =+H8-AF8 -> 0
A9: 7106010 | B9: Aporte Patronal | C9: 602.1 | D9: 80 | H9: =+C9+D9 -> 682.1 | I9: =+H9 -> 682.1 | J9: 157.29 | K9: 157.29 | L9: 104.86 | M9: =+H9-J9 -> 524.81 | N9: =+H9-K9 -> 524.81 | O9: 157.28 | P9: 157.28 | Q9: 157.28 | R9: =+N9-O9 -> 367.53 | S9: =+N9-P9 -> 367.53 | T9: 157.28 | U9: 157.28 | V9: 157.28 | W9: =+R9-T9 -> 210.25 | X9: =+S9-U9 -> 210.25 | Y9: 157.29 | Z9: 157.29 | AA9: 157.26 | AB9: =+W9-Y9 -> 52.96 | AC9: =+X9-Z9 -> 52.96 | AD9: =+L9+Q9+V9+AA9 -> 576.68 | AE9: =+Y9+T9+O9+J9 -> 629.14 | AF9: =+Z9+U9+P9+K9 -> 629.14 | AG9: =+H9-AE9 -> 52.96 | AH9: =+H9-AF9 -> 52.96
A10: 7106020 | B10: Fondo de Reserva | C10: 449.82 | D10: 20 | H10: =+C10+D10 -> 469.82 | I10: =+H10 -> 469.82 | J10: 112.47 | K10: 112.47 | L10: 112.47 | M10: =+H10-J10 -> 357.35 | N10: =+H10-K10 -> 357.35 | O10: 112.47 | P10: 112.47 | Q10: 74.98 | R10: =+N10-O10 -> 244.88 | S10: =+N10-P10 -> 244.88 | T10: 112.47 | U10: 112.47 | V10: 149.96 | W10: =+R10-T10 -> 132.41 | X10: =+S10-U10 -> 132.41 | Y10: 112.5 | Z10: 112.5 | AA10: 112.5 | AB10: =+W10-Y10 -> 19.91 | AC10: =+X10-Z10 -> 19.91 | AD10: =+L10+Q10+V10+AA10 -> 449.91 | AE10: =+Y10+T10+O10+J10 -> 449.91 | AF10: =+Z10+U10+P10+K10 -> 449.91 | AG10: =+H10-AE10 -> 19.91 | AH10: =+H10-AF10 -> 19.91
A11: 7107070 | B11: Compensacion por Vacaciones no Gozadas por Cesacion de Funciones | C11: 394 | D11: -394 | H11: =+C11+D11 -> 0 | I11: =+C11+D11 -> 0 | K11: 0 | L11: 0 | M11: =+H11-J11 -> 0 | N11: =+H11-K11 -> 0 | O11: 0 | P11: 0 | Q11: 0 | R11: =+M11-O11 -> 0 | S11: =+N11-P11 -> 0 | T11: 0 | U11: 0 | V11: 0 | W11: =+R11-T11 -> 0 | X11: =+S11-U11 -> 0 | Y11: 0 | Z11: 0 | AA11: 0 | AB11: =+W11-Y11 -> 0 | AC11: =+X11-Z11 -> 0 | AD11: =+L11+Q11+V11+AA11 -> 0 | AE11: =+Y11+T11+O11+H11 -> 0 | AF11: =+Z11+U11+P11+K11 -> 0 | AG11: =+H11-AE11 -> 0 | AH11: =+H11-AF11 -> 0
C12: =SUM(C6:C11) -> 7745.92 | I12: =SUM(I6:I11) -> 7451.92 | J12: =SUM(J6:J11) -> 1619.76 | K12: =SUM(K6:K11) -> 1619.76 | L12: =SUM(L6:L11) -> 1490.9 | M12: =SUM(M6:M11) -> 5832.16 | N12: =SUM(N6:N11) -> 5832.16 | O12: =SUM(O6:O11) -> 1619.75 | P12: =SUM(P6:P11) -> 1619.75 | ... AH12: =SUM(AH6:AH11) -> 74.95
A13: 73 | B13: BIENES Y SERVICIOS PARA INVERSION | AG13: =+H13-AE13 -> 0 | AH13: =+H13-AF13 -> 0
A14: 7308040 | B14: Materiales de Oficina | C14: 60 | D14: -20 | H14: =+C14+D14 -> 40 | J14: 0 | K14: 0 | L14: 0 | M14: =+H14-J14 -> 40 | N14: =+H14-K14 -> 40 | O14: 0 | P14: 0 | Q14: 0 | R14: =+M14-O14 -> 40 | S14: =+N14-P14 -> 40 | T14: 0 | U14: 0 | V14: 0 | W14: =+R14-T14 -> 40 | X14: =+S14-U14 -> 40 | Y14: 0 | Z14: 0 | AA14: 0 | AB14: =+W14-Y14 -> 40 | AC14: =+X14-Z14 -> 40 | AE14: =+Y14+T14+O14+J14 -> 0 | AF14: =+Z14+U14+P14+K14 -> 0 | AG14: =+H14-AE14 -> 40 | AH14: =+H14-AF14 -> 40
A15: 7308050 | B15: Materiales de Aseo | C15: 300 | D15: -80 | H15: =+C15+D15 -> 220 | J15: 0 | K15: 0 | L15: 0 | M15: =+H15-J15 -> 220 | N15: =+H15-K15 -> 220 | O15: 0 | P15: 0 | Q15: 0 | R15: =+M15-O15 -> 220 | S15: =+N15-P15 -> 220 | T15: 0 | U15: 0 | V15: 0 | W15: =+R15-T15 -> 220 | X15: =+S15-U15 -> 220 | Y15: 0 | Z15: 0 | AA15: 0 | AB15: =+W15-Y15 -> 220 | AC15: =+X15-Z15 -> 220 | AE15: =+Y15+T15+O15+J15 -> 0 | AF15: =+Z15+U15+P15+K15 -> 0 | AG15: =+H15-AE15 -> 220 | AH15: =+H15-AF15 -> 220
A16: 7308110 | B16: Materiales de Construccion, Electricos, Plomeria y Carpinteria | C16: 94.08 | H16: =+C16+D16 -> 94.08 | J16: 0 | K16: 0 | L16: 0 | M16: =+H16-J16 -> 94.08 | N16: =+H16-K16 -> 94.08 | O16: 0 | P16: 0 | Q16: 0 | R16: =+M16-O16 -> 94.08 | S16: =+N16-P16 -> 94.08 | T16: 0 | U16: 0 | V16: 0 | W16: =+R16-T16 -> 94.08 | X16: =+S16-U16 -> 94.08 | Y16: 0 | Z16: 0 | AA16: 0 | AB16: =+W16-Y16 -> 94.08 | AC16: =+X16-Z16 -> 94.08 | AE16: =+Y16+T16+O16+J16 -> 0 | AF16: =+Z16+U16+P16+K16 -> 0 | AG16: =+H16-AE16 -> 94.08 | AH16: =+H16-AF16 -> 94.08
A17: 7308200 | B17: Menaje de Cocina, de Hogar, Accesorios Descartables y Accesorios de O | C17: 200 | H17: =+C17+D17 -> 200 | J17: 0 | K17: 0 | L17: 0 | M17: =+H17-J17 -> 200 | N17: =+H17-K17 -> 200 | O17: 0 | P17: 0 | Q17: 0 | R17: =+M17-O17 -> 200 | S17: =+N17-P17 -> 200 | T17: 0 | U17: 0 | V17: 0 | W17: =+R17-T17 -> 200 | X17: =+S17-U17 -> 200 | Y17: 0 | Z17: 0 | AA17: 0 | AB17: =+W17-Y17 -> 200 | AC17: =+X17-Z17 -> 200 | AE17: =+Y17+T17+O17+J17 -> 0 | AF17: =+Z17+U17+P17+K17 -> 0 | AG17: =+H17-AE17 -> 200 | AH17: =+H17-AF17 -> 200
C18: =SUM(C6:C17) -> 16145.92 | D18: =SUM(D6:D17) -> -394 | H18: =SUM(H6:H17) -> 8006 | J18: =SUM(J6:J17) -> 3239.52 | K18: =SUM(K6:K17) -> 3239.52 | L18: =SUM(L6:L17) -> 2981.8 | M18: =SUM(M6:M17) -> 12218.4 | N18: =SUM(N6:N17) -> 12218.4 | O18: =SUM(O6:O17) -> 3239.5 | P18: =SUM(P6:P17) -> 3239.5 | Q18: =SUM(Q6:Q17) -> 2349.56 | ... AC18: =SUM(AC6:AC17) -> 703.98 | AE18: =SUM(AE6:AE17) -> 14753.94 | AF18: =SUM(AF6:AF17) -> 14753.94 | AG18: =SUM(AG6:AG17) -> 703.98 | AH18: =SUM(AH6:AH17) -> 703.98
C20: 7451.92
J24: 1er. Trimestre | O24: 2do. Trimestre | T24: 3er. Trimestre | Y24: 4to. Trimestre
B25: PROYECTO 2.- GRUPOS DE ATENCION PRIORITARIA DE LA PARR. SAN GERARDO | C25: Asignación Inicial | D25: Reforma I | E25: Reforma II | F25: Reforma III | G25: Reforma IV | H25: Codificado | I25: Codificado final | J25: Comprom. | K25: Devengado | L25: Pagado | M25: Saldo por Comprometer | N25: Saldo por devengar | O25: Comprom. | P25: Devengado | Q25: Pagado | R25: Saldo por Comprometer | S25: Saldo por devengar | T25: Comprom. | U25: Devengado | V25: Pagado | W25: Saldo por Comprometer | X25: Saldo por devengar | Y25: Comprom. | Z25: Devengado | AA25: Pagado | AB25: Saldo por Comprometer | AC25: Saldo por devengar | AE25: Total Comprometido | AF25: Total Devengado | AG25: Saldo por Comprometer | AH25: Saldo por devengar
A26: 73 | B26: BIENES Y SERVICIOS PARA INVERSION
A27: 730105 | B27: Telecomunicaciones | C27: 1100 | D27: 0 | E27: 0 | H27: =+C27+D27 -> 1100 | I27: =+H27 -> 1100 | J27: 180 | K27: 180 | L27: 178.35 | M27: =+H27-J27 -> 920 | N27: =+H27-K27 -> 920 | O27: 180 | P27: 180 | Q27: 180 | R27: =+N27-O27 -> 740 | S27: =+N27-P27 -> 740 | T27: 180 | U27: 180 | V27: 180 | W27: =+S27-T27 -> 560 | X27: =+S27-U27 -> 560 | Y27: 180 | Z27: 180 | AA27: 180 | AB27: =+W27-Y27 -> 380 | AC27: =+X27-Z27 -> 380 | AD27: =+L27+Q27+V27+AA27 -> 718.35
A28: 730205 | B28: Espectaculos Culturales y Sociales | C28: 0 | D28: 1000 | E28: 0 | H28: 1000 | I28: =+H28 -> 1000 | J28: 0 | K28: 0 | L28: 0 | M28: =+H28-J28 -> 1000 | N28: =+H28-K28 -> 1000 | O28: 0 | P28: 0 | Q28: 0 | R28: =+N28-O28 -> 1000 | S28: =+N28-P28 -> 1000 | T28: 450 | U28: 450 | V28: 450 | W28: =+S28-T28 -> 550 | X28: =+S28-U28 -> 550 | Y28: 450 | Z28: 450 | AA28: 450 | AB28: =+X28-Y28 -> 100 | AC28: =+X28-Z28 -> 100 | AD28: =+L28+Q28+V28+AA28 -> 900
A29: 730235 | B29: Servicio de Alimentacion | C29: 1500 | D29: 0 | E29: 1500 | F29: 100 | H29: =+C29+E29 -> 3000 | I29: =+C29+E29+F29 -> 3100 | J29: 932.65 | K29: 932.65 | L29: 932.65 | M29: =+C29-J29 -> 567.35 | N29: =+C29-K29 -> 567.35 | O29: 585.85 | P29: 585.85 | Q29: 585.85 | R29: =+M29+E29-O29 -> 1481.5 | S29: =+N29+E29-P29 -> 1481.5 | T29: 300 | U29: 300 | V29: 300 | W29: =+S29+F29-T29 -> 1281.5 | X29: =+S29+F29-U29 -> 1281.5 | Y29: 1200 | Z29: 1200 | AA29: 1200 | AB29: =+X29-Y29 -> 81.5 | AC29: =+X29-Z29 -> 81.5 | AD29: =+L29+Q29+V29+AA29 -> 3018.5
A30: 730505 | B30: Vehiculos | C30: 500 | D30: 0 | E30: 1500 | G30: -700 | H30: =+C30+E30 -> 2000 | I30: 1089.29 | J30: 0 | K30: 0 | L30: 0 | M30: =+C30-J30 -> 500 | N30: =+C30-K30 -> 500 | O30: 680 | P30: 680 | Q30: 680 | R30: =+M30+E30-O30 -> 1320 | S30: =+N30+E30-P30 -> 1320 | T30: 0 | U30: 0 | V30: 0 | W30: =+S30-T30 -> 1320 | X30: =+S30-U30 -> 1320 | Y30: 400 | Z30: 400 | AA30: 400 | AB30: =+X30+G30-Y30 -> 220 | AC30: =+X30+G30-Z30 -> 220 | AD30: =+L30+Q30+V30+AA30 -> 1080
A31: 730605 | B31: Estudio y Diseno de Proyectos | C31: 6822.92 | D31: 0 | E31: 0 | F31: -100 | G31: -5626 | H31: =+C31+D31 -> 6822.92 | I31: =+C31+F31+G31 -> 1096.92 | J31: 0 | K31: 0 | L31: 0 | M31: =+H31-J31 -> 6822.92 | N31: =+H31-K31 -> 6822.92 | O31: 0 | P31: 0 | R31: =+M31-O31 -> 6822.92 | S31: =+N31-P31 -> 6822.92 | T31: 0 | U31: 0 | V31: 0 | W31: =+C31+F31 -> 6722.92 | X31: =+C31+F31 -> 6722.92 | Y31: 0 | Z31: 0 | AA31: 0 | AB31: =+X31+G31-Y31 -> 1096.92 | AC31: =+Y31+H31-Z31 -> 6822.92 | AD31: =+L31+Q31+V31+AA31 -> 0
A32: 730801 | B32: Alimentos y Bebidas | C32: 6000 | D32: 0 | E32: 0 | H32: =+C32+D32 -> 6000 | I32: =+H32 -> 6000 | J32: 1628.74 | K32: 1628.74 | L32: 1602.13 | M32: =+H32-J32 -> 4371.26 | N32: =+H32-K32 -> 4371.26 | Q32: 26.61 | R32: =+M32-O32 -> 4371.26 | S32: =+N32-P32 -> 4371.26 | T32: 1197.64 | U32: 1197.64 | V32: 1197.64 | W32: =+S32-T32 -> 3173.62 | X32: =+S32-U32 -> 3173.62 | Y32: 2500 | Z32: 2500 | AA32: 2500 | AB32: =+W32-Y32 -> 673.62 | AC32: =+X32-Z32 -> 673.62 | AD32: =+L32+Q32+V32+AA32 -> 5326.38
A33: 730802 | B33: Vestuario, Lenceria y Prendas de Proteccion | C33: 200 | D33: 0 | E33: 0 | F33: 0 | G33: 0 | H33: =+C33+D33 -> 200 | I33: =+H33 -> 200 | J33: 159.15 | K33: 159.15 | L33: 159.15 | M33: =+H33-J33 -> 40.85 | N33: =+H33-K33 -> 40.85 | O33: 0 | P33: 0 | Q33: 0 | R33: =+M33-O33 -> 40.85 | S33: =+N33-P33 -> 40.85 | T33: 0 | U33: 0 | V33: 0 | W33: =+R33-T33 -> 40.85 | X33: =+S33-U33 -> 40.85 | Y33: 0 | Z33: 0 | AA33: 0 | AB33: =+W33-Y33 -> 40.85 | AC33: =+X33-Z33 -> 40.85 | AD33: =+L33+Q33+V33+AA33 -> 159.15
C34: =SUM(C27:C33) -> 16122.92 | D34: =SUM(D27:D32) -> 1000 | E34: =SUM(E27:E32) -> 3000 | F34: =SUM(F27:F32) -> 0 | G34: =SUM(G27:G32) -> -6326 | H34: =SUM(H27:H33) -> 20122.92 | I34: =SUM(I27:I33) -> 13586.21 | J34: =SUM(J27:J33) -> 2900.54 | K34: =SUM(K27:K33) -> 2900.54 | L34: =SUM(L27:L33) -> 2872.28 | O34: =SUM(O27:O33) -> 1445.85 | P34: =SUM(P27:P32) -> 1445.85 | Q34: =SUM(Q27:Q32) -> 1472.46 | T34: =SUM(T27:T32) -> 2127.64 | U34: =SUM(U27:U32) -> 2127.64 | V34: =SUM(V27:V32) -> 2127.64 | Y34: =SUM(Y27:Y32) -> 4730 | Z34: =SUM(Z27:Z32) -> 4730 | AA34: =SUM(AA27:AA32) -> 4730 | AD34: =+L34+Q34+V34+AA34 -> 11202.38
D35: =SUM(D34:G34) -> -2326
B38: PROYECTO 3.- PRESUPUESTO PARTICIPATIVO COMUNIDADES | C38: Asignación Inicial | D38: Reforma I | E38: Reforma II | F38: Reforma III | G38: Reforma IV | H38: Codificado | I38: Codificado final | J38: Comprom. | K38: Devengado | L38: Pagado | M38: Saldo por Comprometer | N38: Saldo por devengar | O38: Comprom. | P38: Devengado | Q38: Pagado | R38: Saldo por Comprometer | S38: Saldo por devengar | T38: Comprom. | U38: Devengado | V38: Pagado | W38: Saldo por Comprometer | X38: Saldo por devengar | Y38: Comprom. | Z38: Devengado | AA38: Pagado | AB38: Saldo por Comprometer | AC38: Saldo por devengar | AE38: Total Comprometido | AF38: Total Devengado | AG38: Saldo por Comprometer | AH38: Saldo por devengar
A39: 7 | B39: GASTOS DE INVERSION
A40: 73 | B40: BIENES Y SERVICIOS PARA INVERSION
A41: 730205 | B41: Espectaculos Culturales y Sociales | C41: 0 | F41: 2000 | H41: 2000 | I41: =+H41 -> 2000 | J41: 2000 | K41: 2000 | L41: 2000 | M41: =+H41-J41 -> 0 | N41: =+H41-K41 -> 0
A42: 730505 | B42: Vehiculos | C42: 0 | F42: 210.71 | H42: =+C42 -> 0 | I42: =+F42 -> 210.71 | J42: 200 | K42: 200 | L42: 200 | M42: =+H42-J42 -> -200 | N42: =+H42-K42 -> -200 | O42: 10.71 | P42: 10.71 | Q42: 10.71 | R42: =+M42-O42 -> -210.71 | S42: =+N42-P42 -> -210.71 | T42: 0 | U42: 0 | V42: 0 | W42: =+R42 -> -210.71 | X42: =+S42 -> -210.71 | AE42: =+J42+O42+T42+Y42 -> 210.71 | AF42: =+Z42+U42+P42+K42 -> 210.71 | AG42: =+H42-AE42 -> -210.71
A43: 730605 | B43: Estudio y Diseno de Proyectos | C43: 4000 | D43: 780.7 | E43: 0 | F43: 0 | G43: 0 | H43: =+C43+D43 -> 4780.7 | I43: =+H43 -> 4780.7 | J43: 0 | K43: 0 | L43: 0 | M43: =+H43-J43 -> 4780.7 | N43: =+H43-K43 -> 4780.7 | O43: 1500 | P43: 1500 | Q43: 1500 | R43: =+N43-O43 -> 3280.7 | S43: =+N43-P43 -> 3280.7 | T43: 0 | U43: 0 | V43: 0 | W43: =+R43-T43 -> 3280.7 | X43: =+S43-U43 -> 3280.7 | Y43: 0 | Z43: 0 | AA43: 0 | AB43: =+W43-Y43 -> 3280.7 | AC43: =+X43-Z43 -> 3280.7 | AE43: =+Y43+T43+O43+J43 -> 1500 | AF43: =+Z43+U43+P43+K43 -> 1500 | AG43: =+H43-AE43 -> 3280.7
A44: 730811 | B44: Materiales de Construccion, Electricos, Plomeria y Carpinteria | C44: 900 | D44: 0 | E44: 10000 | F44: 0 | G44: 0 | H44: =+C44+D44 -> 900 | I44: =+C44+E44 -> 10900 | J44: 0 | K44: 0 | L44: 0 | M44: =+H44-J44 -> 900 | N44: =+H44-K44 -> 900 | O44: 8964 | P44: 8964 | Q44: 8516.81 | R44: =+E44+H44-O44 -> 1936 | S44: =+E44+H44-P44 -> 1936 | T44: 0 | U44: 0 | V44: 0 | W44: =+R44-T44 -> 1936 | X44: =+S44-U44 -> 1936 | Y44: 350.42 | Z44: 1215.06 | AA44: 1199.93 | AB44: =+W44-Y44 -> 1585.58 | AC44: =+X44-Z44 -> 720.94 | AE44: =+Y44+T44+O44+J44 -> 9314.42 | AF44: =+Z44+U44+P44+K44 -> 10179.06 | AG44: =+H44-AE44 -> -8414.42
A45: 730812 | B45: Materiales Didacticos | C45: 1000 | D45: 0 | E45: 0 | F45: 0 | G45: 1110 | H45: =+C45+D45 -> 1000 | I45: =+C45+G45 -> 2110 | J45: 304.57 | K45: 304.57 | L45: 301.15 | M45: =+H45-J45 -> 695.43 | N45: =+H45-K45 -> 695.43 | O45: 0 | P45: 0 | Q45: 3 | R45: =+M45-O45 -> 695.43 | S45: =+N45-P45 -> 695.43 | T45: 0 | U45: 0 | V45: 0 | W45: =+R45-T45 -> 695.43 | X45: =+S45-U45 -> 695.43 | Y45: 886.8 | Z45: 886.8 | AA45: 886.8 | AB45: =+G45+X45-Y45 -> 918.63 | AC45: =+X45+G45-Z45 -> 918.63 | AE45: =+Y45+T45+O45+J45 -> 1191.37 | AF45: =+Z45+U45+P45+K45 -> 1191.37 | AG45: =+H45-AE45 -> -191.37
A46: 731408 | B46: Bienes Artisticos y Culturales | C46: 400 | D46: 0 | E46: 0 | F46: 0 | G46: 0 | H46: =+C46+D46 -> 400 | I46: =+H46 -> 400 | J46: 332.15 | K46: 332.15 | L46: 332.15 | M46: =+H46-J46 -> 67.85 | N46: =+H46-K46 -> 67.85 | O46: 0 | P46: 0 | Q46: 0 | R46: =+M46-O46 -> 67.85 | S46: =+N46-P46 -> 67.85 | T46: 0 | U46: 0 | V46: 0 | W46: =+R46-T46 -> 67.85 | X46: =+S46-U46 -> 67.85 | Y46: 0 | Z46: 0 | AA46: 0 | AB46: =+W46-Y46 -> 67.85 | AC46: =+X46-Z46 -> 67.85 | AE46: =+#REF!+#REF!+#REF!+#REF! -> #REF! | AF46: =+#REF!+#REF!+#REF!+#REF! -> #REF! | AG46: =+#REF!-AE46 -> #REF!
A47: 731515 | B47: Plantas | C47: 2900 | D47: 0 | E47: 0 | F47: 0 | G47: -1110 | H47: =+C47+G47 -> 1790 | I47: =+H47 -> 1790 | J47: 1306.8 | K47: 1306.8 | L47: 1306.8 | M47: =+H47-J47 -> 483.2 | N47: =+H47-K47 -> 483.2 | O47: 0 | P47: 0 | Q47: 0 | R47: =+M47-O47 -> 483.2 | S47: =+N47-P47 -> 483.2 | T47: 0 | U47: 0 | V47: 0 | W47: =+R47-T47 -> 483.2 | X47: =+S47-U47 -> 483.2 | Y47: 0 | Z47: 0 | AA47: 0 | AB47: =+W47-Y47 -> 483.2 | AC47: =+X47-Z47 -> 483.2 | AE47: =+Y47+T47+O47+H47 -> 1790 | AF47: =+Z47+U47+P47+K47 -> 1306.8 | AG47: =+AC47 -> 483.2
A48: 780104 | B48: A Entidades del Gobierno Seccional | C48: 0 | D48: 572.3 | E48: 5000 | F48: 0 | G48: 0 | H48: =+C48+D48 -> 572.3 | I48: =+D48+E48 -> 5572.3 | J48: 572.3 | K48: 572.3 | L48: 572.3 | M48: =+H48-J48 -> 0 | N48: =+H48-K48 -> 0 | O48: 0 | P48: 0 | Q48: 0 | R48: =+M48+E48 -> 5000 | S48: =+N48+E48 -> 5000 | T48: 5000 | U48: 5000 | V48: 5000 | W48: =+R48-T48 -> 0 | X48: =+S48-U48 -> 0 | Y48: 0 | Z48: 0 | AA48: 0 | AB48: 0 | AC48: 0
C49: =SUM(C40:C48) -> 9200 | D49: =SUM(D43:D48) -> 1353 | E49: =SUM(E43:E48) -> 15000 | F49: =SUM(F43:F48) -> 0 | G49: =SUM(G43:G48) -> 0 | H49: =SUM(H41:H48) -> 11443 | I49: =SUM(I41:I48) -> 27763.71 | J49: =SUM(J41:J48) -> 4715.82 | K49: =SUM(K41:K48) -> 4715.82 | L49: =SUM(L41:L48) -> 4712.4 | O49: =SUM(O41:O48) -> 10474.71 | P49: =SUM(P41:P48) -> 10474.71 | Q49: =SUM(Q41:Q48) -> 10030.52 | T49: =SUM(T41:T48) -> 5000 | U49: =SUM(U41:U48) -> 5000 | V49: =SUM(V41:V48) -> 5000 | Y49: =SUM(Y41:Y48) -> 1237.22 | Z49: =SUM(Z41:Z48) -> 2101.86 | AA49: =SUM(AA41:AA48) -> 2086.73 | AF49: =+Z49+U49+P49+K49 -> 22292.39
I50: =+I41+I42+I43+I44+I45+I48 -> 25573.71
L52: =+L30+L42 -> 200 | Q52: =+Q30+Q42 -> 690.71 | V52: =+V30+V42 -> 0 | AA52: =+AA30+AA42 -> 400
I53: =+I42+I30 -> 1300
B55: PROYECTO 4.- FORTALECIMIENTO DEL GAD PARROQUIAL | C55: Asignación Inicial | D55: Reforma I | E55: Reforma II | F55: Reforma III | G55: Reforma IV | H55: Codificado | J55: Comprom. | K55: Devengado | L55: Pagado | M55: Saldo por Comprometer | N55: Saldo por devengar | O55: Comprom. | P55: Devengado | Q55: Pagado | R55: Saldo por Comprometer | S55: Saldo por devengar | T55: Comprom. | U55: Devengado | V55: Pagado | W55: Saldo por Comprometer | X55: Saldo por devengar | Y55: Comprom. | Z55: Devengado | AA55: Pagado | AB55: Saldo por Comprometer | AC55: Saldo por devengar | AE55: Total Comprometido | AF55: Total Devengado | AG55: Saldo por Comprometer | AH55: Saldo por devengar
A57: 7 | B57: GASTOS DE INVERSION
A58: 73 | B58: BIENES Y SERVICIOS PARA INVERSION
A59: 7306 | B59: Contrataciones de Estudios e Investigaciones
A60: 730606 | B60: Honorarios por Contratos Civiles de Servicios | C60: 18144 | D60: 0 | E60: 0 | F60: 0 | G60: -3000 | H60: =+C60-D60 -> 18144 | I60: =+C60+G60 -> 15144 | J60: 3200 | K60: 3200 | L60: 3120 | M60: =+H60-J60 -> 14944 | N60: =+H60-K60 -> 14944 | O60: 1200 | P60: 1200 | Q60: 920 | R60: =+M60-O60 -> 13744 | S60: =+N60-P60 -> 13744 | T60: 2773.33 | U60: 2773.33 | V60: 2936 | W60: =+R60-T60 -> 10970.67 | X60: =+S60-U60 -> 10970.67 | Y60: 7625 | Z60: 7625 | AA60: 7574.83 | AB60: =+W60-Y60+G60 -> 345.67 | AC60: =+X60-Z60+G60 -> 345.67 | AE60: =+J60+O60+T60+Y60 -> 14798.33 | AF60: =+Z60+U60+P60+K60 -> 14798.33
C62: =SUM(C60:C61) -> 18144 | D62: =SUM(D60:D61) -> 0 | E62: =SUM(E60:E61) -> 0 | F62: =SUM(F60:F61) -> 0 | G62: =SUM(G60:G61) -> -3000 | H62: =SUM(H60:H61) -> 18144 | I62: =SUM(I57:I61) -> 15144 | J62: =SUM(J60:J61) -> 3200 | K62: =SUM(K60:K61) -> 3200 | L62: =SUM(L60:L61) -> 3120 | O62: =SUM(O60:O61) -> 1200 | P62: =SUM(P60:P61) -> 1200 | Q62: =SUM(Q60:Q61) -> 920 | T62: =SUM(T60:T61) -> 2773.33 | U62: =SUM(U60:U61) -> 2773.33 | V62: =SUM(V60:V61) -> 2936 | Y62: =SUM(Y60:Y61) -> 7625 | Z62: =SUM(Z60:Z61) -> 7625 | AA62: =SUM(AA60:AA61) -> 7574.83 | AB62: =SUM(AB60:AB61) -> 345.67 | AC62: =SUM(AC60:AC61) -> 345.67 | AD62: =+L62+Q62+V62+AA62 -> 14550.83
B66: PROYECTO 5.- MEJORAMIENTO DE INFRAESTRUCTURA | C66: Asignación Inicial | D66: Reforma I | E66: Reforma II | F66: Reforma III | G66: Reforma IV | H66: Codificado | J66: Comprom. | K66: Devengado | L66: Pagado | M66: Saldo por Comprometer | N66: Saldo por devengar | O66: Comprom. | P66: Devengado | Q66: Pagado | R66: Saldo por Comprometer | S66: Saldo por devengar | T66: Comprom. | U66: Devengado | V66: Pagado | W66: Saldo por Comprometer | X66: Saldo por devengar | Y66: Comprom. | Z66: Devengado | AA66: Pagado | AB66: Saldo por Comprometer | AC66: Saldo por devengar | AE66: Total Comprometido | AF66: Total Devengado | AG66: Saldo por Comprometer | AH66: Saldo por devengar
A68: 730604 | B68: Fiscalizacion e Inspecciones Tecnicas | C68: 0 | E68: 5000 | G68: -2600 | H68: 5000 | I68: =+E68+G68 -> 2400 | M68: =+H68 -> 5000 | N68: =+M68 -> 5000 | O68: 2400 | P68: 2400 | Q68: 2250 | R68: =+H68-O68 -> 2600 | S68: =+H68-P68 -> 2600 | T68: 0 | U68: 0 | V68: 150 | W68: =+R68-T68 -> 2600 | X68: =+S68-U68 -> 2600 | Y68: 0 | Z68: 0 | AA68: 0 | AB68: =+W68+G68 -> 0 | AC68: =+X68+G68 -> 0
A69: 730605 | B69: Estudio y Diseno de Proyectos | C69: 9500 | D69: 0 | E69: 0 | F69: 0 | G69: 0 | H69: =+C69 -> 9500 | I69: =+H69 -> 9500 | J69: 0 | K69: 0 | L69: 0 | M69: =+H69-J69 -> 9500 | N69: =+H69-K69 -> 9500 | O69: 9500 | P69: 9500 | Q69: 9500 | R69: =+M69-O69 -> 0 | S69: =+N69-P69 -> 0 | T69: 0 | U69: 0 | V69: 0 | W69: =+R69 -> 0 | X69: =+S69 -> 0 | Y69: 0 | Z69: 0 | AA69: 0 | AB69: =+W69 -> 0 | AC69: =+X69 -> 0
A70: 730811 | B70: Materiales de Construccion, Electricos, Plomeria y Carpinteria | C70: 200 | D70: 0 | E70: 0 | F70: 0 | G70: 0 | H70: =+C70 -> 200 | I70: =+H70 -> 200 | J70: 0 | K70: 0 | L70: 0 | M70: =+H70-J70 -> 200 | N70: =+H70-K70 -> 200 | O70: 0 | P70: 0 | Q70: 0 | R70: =+M70-O70 -> 200 | S70: =+N70-P70 -> 200
A71: 750104 | B71: De Urbanizacion y Embellecimiento | C71: 68000 | D71: 0 | E71: 0 | F71: 0 | G71: 0 | H71: =+C71 -> 68000 | I71: =+H71 -> 68000 | J71: 0 | K71: 0 | L71: 0 | M71: =+H71-J71 -> 68000 | N71: =+H71-K71 -> 68000 | O71: 32848.62 | P71: 32848.62 | Q71: 32843.77 | R71: =+M71-O71 -> 35151.38 | S71: =+N71-P71 -> 35151.38 | T71: 31577.26 | U71: 31577.26 | V71: 31577.26 | W71: =+R71-T71 -> 3574.12 | X71: =+S71-U71 -> 3574.12 | Y71: 0 | Z71: 0 | AA71: 0 | AB71: =+W71-Y71 -> 3574.12 | AC71: =+X71-Z71 -> 3574.12
A72: 750107 | B72: Construcciones y Edificaciones | C72: 8500 | D72: 0 | E72: 0 | F72: 0 | G72: 0 | H72: =+C72 -> 8500 | I72: =+H72 -> 8500 | J72: 0 | K72: 0 | L72: 0 | M72: =+H72-J72 -> 8500 | N72: =+H72-K72 -> 8500 | O72: 8094.68 | P72: 8094.68 | Q72: 8094.68 | R72: =+M72-O72 -> 405.32 | S72: =+N72-P72 -> 405.32 | T72: 0 | U72: 0 | V72: 0 | W72: =+R72-T72 -> 405.32 | X72: =+S72-U72 -> 405.32 | Y72: 0 | Z72: 0 | AA72: 0 | AB72: =+W72-Y72 -> 405.32 | AC72: =+X72-Z72 -> 405.32
C73: =SUM(C68:C72) -> 86200 | D73: =SUM(D68:D72) -> 0 | E73: =SUM(E68:E72) -> 5000 | F73: =SUM(F68:F72) -> 0 | G73: =SUM(G68:G72) -> -2600 | H73: =SUM(H67:H72) -> 91200 | I73: =SUM(I67:I72) -> 88600 | J73: =SUM(J67:J72) -> 0 | K73: =SUM(K67:K72) -> 0 | L73: =SUM(L67:L72) -> 0 | M73: =SUM(M67:M72) -> 91200 | N73: =SUM(N67:N72) -> 91200 | O73: =SUM(O68:O72) -> 52843.3 | P73: =SUM(P67:P72) -> 52843.3 | Q73: =SUM(Q67:Q72) -> 52688.45 | T73: =SUM(T67:T72) -> 31577.26 | U73: =SUM(U67:U72) -> 31577.26 | V73: =SUM(V67:V72) -> 31727.26 | Y73: =SUM(Y68:Y72) -> 0 | Z73: =SUM(Z68:Z72) -> 0 | AA73: =SUM(AA68:AA72) -> 0 | AB73: =SUM(AB68:AB72) -> 3979.44 | AC73: =SUM(AC68:AC72) -> 3979.44
E75: total | G75: =+E73+G73 -> 2400 | H75: =+C73+G75 -> 88600
I76: =SUM(I68:I72) -> 88600
B80: PROYECTO 6.- MANTENIMIENTO VIAL COMUNIDADES | C80: Asignación Inicial | D80: Reforma I | E80: Reforma II | F80: Reforma III | G80: Reforma IV | H80: Codificado | J80: Comprom. | K80: Devengado | L80: Pagado | M80: Saldo por Comprometer | N80: Saldo por devengar | O80: Comprom. | P80: Devengado | Q80: Pagado | R80: Saldo por Comprometer | S80: Saldo por devengar | T80: Comprom. | U80: Devengado | V80: Pagado | W80: Saldo por Comprometer | X80: Saldo por devengar | Y80: Comprom. | Z80: Devengado | AA80: Pagado | AB80: Saldo por Comprometer | AC80: Saldo por devengar | AE80: Total Comprometido | AF80: Total Devengado | AG80: Saldo por Comprometer | AH80: Saldo por devengar
A82: 730205 | B82: Espectaculos Culturales y Sociales | C82: 2000 | D82: 0 | E82: 0 | F82: 0 | G82: 0 | H82: =+C82-D82 -> 2000 | J82: 2000 | K82: 2000 | L82: 2000 | M82: =+H82-J82 -> 0 | N82: =+H82-K82 -> 0 | O82: 0 | P82: 0 | Q82: 0 | R82: =+M82-O82 -> 0 | S82: =+N82-P82 -> 0
A83: 730811 | B83: Materiales de Construccion, Electricos, Plomeria y Carpinteria | C83: 300 | D83: 0 | E83: 0 | F83: 0 | G83: 0 | H83: =+C83+D83 -> 300 | J83: 224.98 | K83: 224.98 | L83: 224.98 | M83: =+H83-J83 -> 75.02 | N83: =+H83-K83 -> 75.02 | O83: 0 | P83: 0 | R83: =+M83-O83 -> 75.02 | S83: =+N83-P83 -> 75.02 | T83: 0 | U83: 0 | V83: 0 | W83: =+R83-T83 -> 75.02 | X83: =+S83-U83 -> 75.02 | Y83: 864.64 | Z83: 864.64 | AA83: 0 | AB83: =+W83-Y83 -> -789.62 | AC83: =+X83-Z83 -> -789.62
A84: 750105 | B84: Obras Publicas de Transporte y Vias | C84: 10000 | D84: 54300.11 | E84: 0 | F84: 0 | G84: 0 | H84: =+C84+D84 -> 64300.11 | J84: 54300.11 | K84: 54300.11 | L84: 23927.66 | M84: =+H84-J84 -> 10000 | N84: =+H84-K84 -> 10000 | O84: 0 | P84: 0 | Q84: 30372.45 | R84: =+M84-O84 -> 10000 | S84: =+N84-P84 -> 10000 | T84: 0 | U84: 0 | V84: 0 | W84: =+R84-T84 -> 10000 | X84: =+S84-U84 -> 10000 | Y84: 6290 | Z84: 6290 | AA84: 6290 | AB84: =+W84-Y84 -> 3710 | AC84: =+X84-Z84 -> 3710
C85: =SUM(C82:C84) -> 12300 | D85: =SUM(D82:D84) -> 54300.11 | E85: =SUM(E82:E84) -> 0 | F85: =SUM(F82:F84) -> 0 | G85: =SUM(G82:G84) -> 0 | H85: =SUM(H82:H84) -> 66600.11 | J85: =SUM(J82:J84) -> 56525.09 | K85: =SUM(K82:K84) -> 56525.09 | L85: =SUM(L82:L84) -> 26152.64 | O85: =SUM(O82:O84) -> 0 | P85: =SUM(P82:P84) -> 0 | Q85: =SUM(Q82:Q84) -> 30372.45 | R85: =SUM(R82:R84) -> 10075.02 | S85: =SUM(S82:S84) -> 10075.02 | T85: =SUM(T82:T84) -> 0 | U85: =SUM(U82:U84) -> 0 | V85: =SUM(V82:V84) -> 0 | ... AC85: =SUM(AC82:AC84) -> 2920.38 | AE85: =+J85+O85+T85+Y85 -> 63679.73 | AF85: =+Z85+U85+P85+K85 -> 63679.73
B87: PROYECTO 7.- ILUMINACION ARTISTICA Y DECORATIVA DE LA PARROQUIA | C87: Asignación Inicial | D87: Reforma I | E87: Reforma II | F87: Reforma III | G87: Reforma IV | H87: Codificado final | Y87: Comprom. | Z87: Devengado | AA87: Pagado
A89: 7308110 | B89: Materiales de Construccion, Electricos, Plomeria y Carpinteria | C89: 3500 | D89: 0 | E89: 0 | F89: 0 | G89: 0 | H89: =SUM(C89:G89) -> 3500 | Y89: 3053.06 | Z89: 3053.06 | AA89: 3053.06
Q91: 149.13 | T91: 475206
B92: PROYECTO 8.- RESCATE DE LA CULTURA Y TRADICIONES DE LA PARROQUIA | C92: Asignación Inicial | D92: Reforma I | E92: Reforma II | F92: Reforma III | G92: Reforma IV | H92: Codificado final
C93: 12320 | D93: 0 | E93: 0 | F93: 0 | G93: 0 | H93: =SUM(C93:G93) -> 12320
A94: 730205 | B94: Espectaculos Culturales y Sociales
L97: =+L16+L44+L70+L83 -> 224.98 | Q97: =+Q16+Q44+Q70+Q83 -> 8516.81 | V97: =+V16+V44+V70+V83 -> 0 | AA97: =+AA16+AA44+AA70+AA83+AA89 -> 4252.99
B98: PROYECTO 9.- FOMENTO PRODUCTIVO PARA EL DESARROLLO DE LAS CAPACIDADES, HABILIDADES, EL FORTALECIMIENTO ORGANIZACIONAL Y DE EMPRENDIMIENTOS PRODUCTIVOS POTENCIALES Y EXISTENTES DENTRO DE LA PARROQUIA SAN GERARDO
A99: 730814 | B99: Suministros para Actividades Agropecuarias, Pesca y Caza | C99: 14700 | D99: 0 | E99: 3500 | F99: 0 | G99: -3500 | H99: =+C99+D99 -> 14700 | I99: =+C99+E99+G99 -> 14700 | J99: 0 | K99: 0 | L99: 0 | M99: =+H99-J99 -> 14700 | N99: =+H99-K99 -> 14700 | O99: 0 | P99: 0 | Q99: 0 | R99: =+M99+E99 -> 18200 | S99: =+N99+E99 -> 18200 | T99: 0 | U99: 0 | V99: 0 | W99: =+R99-T99 -> 18200 | X99: =+S99-U99 -> 18200 | Y99: 14700 | Z99: 14700 | AA99: 0 | AB99: =+W99-Y99+G99 -> 0 | AC99: =+X99-Z99+G99 -> 0
A100: 730605 | B100: Estudio y Diseno de Proyectos | C100: 91552.88 | D100: -54300.11 | E100: -26651.93 | F100: -4992.08 | G100: 0 | H100: =+C100+D100 -> 37252.77 | I100: =+C100+D100+E100+F100 -> 5608.76 | J100: 0 | K100: 0 | L100: 0 | M100: =+H100-J100 -> 37252.77 | N100: =+H100-K100 -> 37252.77 | O100: 0 | P100: 0 | Q100: 0 | R100: =+M100+E100 -> 10600.84 | S100: =+N100+E100 -> 10600.84 | T100: 0 | U100: 0 | V100: 0 | W100: =+R100+F100 -> 5608.76 | X100: =+S100+F100 -> 5608.76 | Y100: 0 | Z100: 0 | AA100: 0 | AB100: =+W100-Y100 -> 5608.76 | AC100: =+X100-Z100 -> 5608.76
C103: =+C31+C43+C69+C100 -> 111875.8 | I103: =+I31+I43+I69+I100 -> 20986.38

Sheet POA_2023
B1: PLAN OPERATIVO ANUAL 2023 GADP SAN GERARDO
B3: PROYECTO/ PROGRAMA: | D3: 1
B4: SERVICIOS COMUNALES
B5: PROGRAMA | C5: MANTENIMIENTO DE ESPACIOS PUBLICOS DE LA PARROQUIA
B6: Departamento / Unidad | C6: Comisón de Urbanismo y Fiscalización
B7: META PDOT | C7: INCREMENTAR DEL 0 AL 1,4 AL ÍNDICE VERDE URBANO PARROQUIAL HASTA EL 2023.
B8: INDICADOR PDOT | C8: Nùmero de metros de ìndice verde urbano construidos en la parroquia.
B9: SUBPROGRAMAS | C9: ACTIVIDADES | D9: META | F9: FUENTE DE VERIFICACIÓN | G9: DENOMINACIÓN DE PARTIDA | H9: GASTO ANUAL | M9: CRONOGRAMA DE GASTO TRIMESTRAL | Q9: RESPONSA BLE
D10: UNIDAD | E10: RESULTADO | H10: COD Partida | I10: COD FINAL | J10: CODIFICADO INICIAL | K10: FUENTE DE FINANCIAMIENTO | L10: Monto total | M10: 1er. Trimestre | N10: 2do. Trimestre | O10: 3er. Trimestre | P10: 4to Trimestre
B11: Mantenimiento de áreas públicas y áreas verdes en la parroquia | C11: Limpieza, cuidado y creación de áreas verdes y áreas públicas | D11: % | E11: 100 | F11: CONTRATOS, PAGOS, INFORMES | G11: GASTOS EN PERSONAL | H11: 7100000 | I11: 7451.92 | J11: 7745.92 | K11: TRANSFERENCIAS DEL GOBIERNO | L11: =SUM(I11:I11) -> 7451.92 | M11: 1850 | N11: 1850 | O11: 1850 | P11: 1901.92
B12: TOTAL | I12: =SUM(I11:I11) -> 7451.92 | J12: =SUM(J11:J11) -> 7745.92 | K12: TOTAL | L12: =SUM(L11) -> 7451.92 | M12: =SUM(M11:M11) -> 1850 | N12: =SUM(N11:N11) -> 1850 | O12: =SUM(O11:O11) -> 1850 | P12: =SUM(P11:P11) -> 1901.92
B14: PROYECTO/ PROGRAMA: | D14: 2
B15: SERVICIOS COMUNALES
B16: PROGRAMA | C16: GRUPOS DE ATENCION PRIORITARIA DE LA PARROQUIA SAN GERARDO
B17: Departamento / Unidad | C17: Comisón de Social, Cultural, Deportivo de Igualdad y Género
B18: META PDOT | C18: Incrementar un 30% de participación del grupo de atención prioritaria en actividades motivacionales, lúdicas y recreativas hasta el 2023
B19: INDICADOR PDOT | C19: % de participación de grupos de atención prioritaria activos e integrados en diferentes actividades
B20: SUBPROGRAMAS | C20: ACTIVIDADES | D20: META | F20: FUENTE DE VERIFICACIÓN | G20: DENOMINACIÓN DE PARTIDA | H20: GASTO ANUAL | M20: CRONOGRAMA DE GASTO TRIMESTRAL | Q20: RESPONSA BLE
D21: UNIDAD | E21: RESULTADO | H21: COD Partida | I21: COD FINAL | J21: CODIFICADO INICIAL | K21: FUENTE DE FINANCIAMIENTO | L21: Monto total | M21: 1er. Trimestre | N21: 2do. Trimestre | O21: 3er. Trimestre | P21: 4to Trimestre
B22: Programa de atención a grupos de atención prioritaria de la parroqui San Gerardo | C22: Realizar actividades lúdicas, motivacionales, y recreativas que integren a los grupos vulnerables (adultos mayores, y personas con capacidades especiales de la parroquia) | D22: % | E22: 100 | F22: FACTURAS E INFORMES | G22: Telecomunicaciones | H22: 730105 | I22: 1100 | J22: 1100 | K22: TRANSFERENCIAS DEL GOBIERNO | L22: =SUM(I22:I27) -> 13386.21 | M22: 300 | N22: 300 | O22: 300 | P22: 200
G23: Espectaculos Culturales y Sociales | H23: 730205 | I23: 1000 | J23: 0 | M23: 0 | N23: 0 | O23: 500 | P23: 500
G24: Servicio de Alimentacion | H24: 730235 | I24: 3100 | J24: 1500 | M24: 0 | N24: 1000 | O24: 1000 | P24: 1100
G25: Vehiculos | H25: 730505 | I25: 1089.29 | J25: 500 | M25: 100 | N25: 289.29 | O25: 400 | P25: 300
G26: Estudio y Diseño de Proyectos | H26: 730605 | I26: 1096.92 | J26: 6822.92 | M26: 0 | N26: 0 | O26: 500 | P26: 596.92
G27: Alimentos y Bebidas | H27: 730801 | I27: 6000 | J27: 6000 | M27: 1000 | N27: 2000 | O27: 1000 | P27: 2000
G28: Vestuario, Lenceria y Prendas de Proteccion | H28: 730802 | I28: 200 | J28: 200 | O28: 200
B29: TOTAL | I29: =SUM(I22:I28) -> 13586.21 | J29: =SUM(J22:J28) -> 16122.92 | K29: TOTAL | L29: =SUM(L22) -> 13386.21 | M29: =SUM(M22:M28) -> 1400 | N29: =SUM(N22:N28) -> 3589.29 | O29: =SUM(O22:O28) -> 3900 | P29: =SUM(P22:P28) -> 4696.92
B31: PROYECTO/ PROGRAMA: | D31: 3
B32: SERVICIOS COMUNALES
B33: PROGRAMA | C33: PROYECTO PARTICIPATIVO COMUNIDADES SAN GERARDO
B34: Departamento / Unidad | C34: Comisón de Producción, Turismo, Medio Ambiente y Organización Social
B35: META PDOT | C35: INCREMENTAR AL 28% EL ACCESO A RIEGO TECNIFICADO EN LA PARROQUIA HASTA EL 2023
B36: INDICADOR PDOT | C36: % de familias con acceso a riego tecnificado
B37: SUBPROGRAMAS | C37: ACTIVIDADES | D37: META | F37: FUENTE DE VERIFICACIÓN | G37: DENOMINACIÓN DE PARTIDA | H37: GASTO ANUAL | M37: CRONOGRAMA DE GASTO TRIMESTRAL | Q37: RESPONSABLE
D38: UNIDAD | E38: RESULTADO | H38: COD Partida | I38: COD FINAL | J38: CODIFICADO INICIAL | K38: FUENTE DE FINANCIAMIENTO | L38: Monto total | M38: 1er. Trimestre | N38: 2do. Trimestre | O38: 3er. Trimestre | P38: 4to Trimestre
B39: Entrega de insumos y capacitaciones | C39: Entrega de insumos y capacitaciones | D39: % | E39: 100 | F39: FACTURAS E INFORMES | G39: Espectaculos Culturales y Sociales | H39: 730205 | I39: 2000 | J39: 0 | K39: TRANSFERENCIAS DEL GOBIERNO | L39: =SUM(I39:I46) -> 27763.71 | M39: 0 | N39: 1000 | O39: 0 | P39: 1000
G40: Vehiculos | H40: 730505 | I40: 210.71 | J40: 0 | M40: 0 | N40: 110.71 | P40: 100
G41: Estudio y Diseno de Proyectos | H41: 730605 | I41: 4780.7 | J41: 4000 | M41: 1000 | N41: 1000 | O41: 1000 | P41: 1780.7
G42: Materiales de Construccion, Electricos, Plomeria y Carpinteria | H42: 730811 | I42: 10900 | J42: 900 | M42: 0 | N42: 5000 | O42: 5000 | P42: 900
G43: Materiales Didacticos | H43: 730812 | I43: 2110 | J43: 1000 | N43: 1000 | O43: 1110
G44: Bienes Artisticos y Culturales | H44: 731408 | I44: 400 | J44: 400 | N44: 0 | O44: 400
G45: Plantas | H45: 731515 | I45: 1790 | J45: 2900 | M45: 1500 | N45: 100 | O45: 190
G46: A Entidades del Gobierno Seccional | H46: 780104 | I46: 5572.3 | J46: 0 | N46: 2500 | P46: 3072.3
B47: TOTAL | I47: =SUM(I39:I46) -> 27763.71 | J47: =SUM(J39:J46) -> 9200 | K47: TOTAL | L47: =SUM(L39) -> 27763.71 | M47: =SUM(M39:M46) -> 2500 | N47: =SUM(N39:N46) -> 10710.71 | O47: =SUM(O39:O46) -> 7700 | P47: =SUM(P39:P46) -> 6853
B49: PROYECTO/ PROGRAMA: | D49: 4
B50: SERVICIOS COMUNALES
B51: PROGRAMA | C51: FORTALECIMIENTO DEL GAD PARROQUIAL SAN GERARDO
B52: Departamento / Unidad | C52: TODOS
B53: META PDOT | C53: INCREMENTAR UN 10% LA GESTION INSTITUCIONAL DEL GAD PARROQUIAL SAN GERARDO HASTA EL 2023
B54: INDICADOR PDOT | C54: % de Gestión Institucional del GAD Parroquial
B55: SUBPROGRAMAS | C55: ACTIVIDADES | D55: META | F55: FUENTE DE VERIFICACIÓN | G55: DENOMINACIÓN DE PARTIDA | H55: GASTO ANUAL | M55: CRONOGRAMA DE GASTO TRIMESTRAL | Q55: RESPONSA BLE
D56: UNIDAD | E56: RESULTADO | H56: COD Partida | I56: COD FINAL | J56: CODIFICADO INICIAL | K56: FUENTE DE FINANCIAMIENTO | L56: Monto total | M56: 1er. Trimestre | N56: 2do. Trimestre | O56: 3er. Trimestre | P56: 4to Trimestre
B57: Servicios Profesionales | C57: Asesoramiento Técnico | D57: % | E57: 100 | F57: CONTRATOS, FACTURAS | G57: Honorarios por Contratos Civiles de Servicios | H57: 7306060 | I57: 15144 | J57: 18144 | K57: TRANSFERENCIAS DEL GOBIERNO | L57: =SUM(I57:I57) -> 15144 | M57: 4320 | N57: 4320 | O57: 4320 | P57: 2184
B58: TOTAL | I58: =SUM(I57:I57) -> 15144 | J58: =SUM(J57:J57) -> 18144 | K58: TOTAL | L58: =SUM(L57) -> 15144 | M58: =SUM(M57:M57) -> 4320 | N58: =SUM(N57:N57) -> 4320 | O58: =SUM(O57:O57) -> 4320 | P58: =SUM(P57:P57) -> 2184
B60: PROYECTO/ PROGRAMA: | D60: 5
B61: SERVICIOS COMUNALES
B62: PROGRAMA | C62: PROYECTO DE MEJORAMIENTO DE INFRAESTRUCTURA DE LA PARROQUIA SAN GERARDO
B63: Departamento / Unidad | C63: Comisiones de: Urbanismo y Fiscalización / Planficación, Presupuesto, Obras Públicas e Infraestructura
B64: META PDOT | C64: INCREMENTAR DEL 0 AL 1.4 AL INDICE VERDE URBANO PARROQUIAL HASTA EL 2023
B65: INDICADOR PDOT | C65: Nùmero de metros de ìndice verde urbano construidos en la parroquia.
B66: SUBPROGRAMAS | C66: ACTIVIDADES | D66: META | F66: FUENTE DE VERIFICACIÓN | G66: DENOMINACIÓN DE PARTIDA | H66: GASTO ANUAL | M66: CRONOGRAMA DE GASTO TRIMESTRAL | Q66: RESPONSA BLE
D67: UNIDAD | E67: RESULTADO | H67: COD Partida | I67: COD FINAL | J67: CODIFICADO INICIAL | K67: FUENTE DE FINANCIAMIENTO | L67: Monto total | M67: 1er. Trimestre | N67: 2do. Trimestre | O67: 3er. Trimestre | P67: 4to Trimestre
B68: Estudios y contratos de ejecución de obras | C68: Actualización de estudios / Contratación de obras | D68: m2 | E68: 100 | F68: CONTRATOS, FACTURAS E INFORMES | G68: Fiscalizacion e Inspecciones Técnicas | H68: 730604 | I68: 2400 | J68: 0 | K68: TRANSFERENCIAS DEL GOBIERNO | L68: =SUM(I68:I72) -> 88600 | M68: 0 | N68: 0 | O68: 1200 | P68: 1200
G69: Estudio y Diseno de Proyectos | H69: 730605 | I69: 9500 | J69: 9500 | M69: 0 | N69: 4500 | O69: 5000
G70: Materiales de Construccion, Electricos, Plomeria y Carpinteria | H70: 730811 | I70: 200 | J70: 200 | M70: 0 | O70: 100 | P70: 100
G71: De Urbanizacion y Embellecimiento | H71: 750104 | I71: 68000 | J71: 68000 | N71: 15000 | O71: 20000 | P71: 33000
G72: Construcciones y Edificaciones | H72: 750107 | I72: 8500 | J72: 8500 | N72: 5000 | P72: 3500
B73: TOTAL | I73: =SUM(I68:I72) -> 88600 | J73: =SUM(J68:J72) -> 86200 | K73: TOTAL | L73: =SUM(L68) -> 88600 | M73: =SUM(M68:M72) -> 0 | N73: =SUM(N68:N72) -> 24500 | O73: =SUM(O68:O72) -> 26300 | P73: =SUM(P68:P72) -> 37800
B75: PROYECTO/ PROGRAMA: | D75: 6
B76: SERVICIOS COMUNALES
B77: PROGRAMA | C77: MANTENIMIENTO VIAL COMUNIDADES
B78: Departamento / Unidad | C78: Comisiones de: Urbanismo y Fiscalización / Planficación, Presupuesto, Obras Públicas e Infraestructura
B79: META PDOT | C79: DAR MANTENIMIENTO A 7KM DE VÍAS RURALES DE LA PARROQUIA CADA AÑO HASTA 2023
B80: INDICADOR PDOT | C80: Kilómetros de vías más críticas con mantenimiento periódico ejecutado en la prroquia
B81: SUBPROGRAMAS | C81: ACTIVIDADES | D81: META | F81: FUENTE DE VERIFICACIÓN | G81: DENOMINACIÓN DE PARTIDA | H81: GASTO ANUAL | M81: CRONOGRAMA DE GASTO TRIMESTRAL | Q81: RESPONSA BLE
D82: UNIDAD | E82: RESULTADO | H82: COD Partida | I82: COD FINAL | J82: CODIFICADO INICIAL | K82: FUENTE DE FINANCIAMIENTO | L82: Monto total | M82: 1er. Trimestre | N82: 2do. Trimestre | O82: 3er. Trimestre | P82: 4to Trimestre
B83: Mantenimiento Vial | C83: Mantenimiento de las vías rurales con lastre y pasos de agua para el transporte rápido y seguro | D83: Km | E83: 100 | F83: ORDENES COMPRA DE SERVICIOS, CONTRATOS, FACTURAS, INFORMES | G83: Espectaculos Culturales y Sociales | H83: 730205 | I83: 2000 | J83: 2000 | K83: TRANSFERENCIAS DEL GOBIERNO | L83: =SUM(I83:I85) -> 66600.11 | N83: 1000 | O83: 1000
G84: Materiales de Construccion, Electricos, Plomeria y Carpinteria | H84: 730811 | I84: 300 | J84: 300 | O84: 300
G85: Obras Publicas de Transporte y Vias | H85: 750105 | I85: 64300.11 | J85: 10000 | M85: 20000 | N85: 20000 | O85: 15000 | P85: 9300.11
B86: TOTAL | I86: =SUM(I83:I85) -> 66600.11 | J86: =SUM(J83:J85) -> 12300 | K86: TOTAL | L86: =SUM(L83) -> 66600.11 | M86: =SUM(M83:M85) -> 20000 | N86: =SUM(N83:N85) -> 21000 | O86: =SUM(O83:O85) -> 16300 | P86: =SUM(P83:P85) -> 9300.11
B88: PROYECTO/ PROGRAMA: | D88: 7
B89: SERVICIOS COMUNALES
B90: PROGRAMA | C90: ILUMINACION ARTISTICA Y DECORATIVA DE LA PARROQUIA
B91: Departamento / Unidad | C91: Comisiones de: Social, Cultural, Deportivo de Igualdad y Género / Producción, Turismo, Medio Ambiente y Organización Social
B92: META PDOT | C92: INCREMENTAR AL 30% EL NIVEL DE PARTICIPACIÓN DE LA POBLACIÓN HACIA UN DESARROLLO CULTURAL DE LA PARROQUIA HASTA EL 2023
B93: INDICADOR PDOT | C93: % de participación de la población en el desasrrollo cultural de la parroquia
B94: SUBPROGRAMAS | C94: ACTIVIDADES | D94: META | F94: FUENTE DE VERIFICACIÓN | G94: DENOMINACIÓN DE PARTIDA | H94: GASTO ANUAL | M94: CRONOGRAMA DE GASTO TRIMESTRAL | Q94: RESPONSA BLE
D95: UNIDAD | E95: RESULTADO | H95: COD Partida | I95: COD FINAL | J95: CODIFICADO INICIAL | K95: FUENTE DE FINANCIAMIENTO | L95: Monto total | M95: 1er. Trimestre | N95: 2do. Trimestre | O95: 3er. Trimestre | P95: 4to Trimestre
B96: Rescate de las expresiones culturales | C96: Realizar eventos culturales, sociales y deportivos con toda la población de la parroquia, las diferentes comunidades y diferentes actores. | D96: % | E96: 100 | F96: FACTURAS, CONTRATOS, E INFORMES | G96: Materiales de Construccion, Eléctricos, Plomería y Carpintería | H96: 7308110 | I96: 3594.08 | J96: 94.08 | K96: TRANSFERENCIAS DEL GOBIERNO | L96: =SUM(I96:I96) -> 3594.08 | M96: 0 | P96: 3594.08
B97: TOTAL | I97: =SUM(I96:I96) -> 3594.08 | J97: =SUM(J96:J96) -> 94.08 | K97: TOTAL | L97: =SUM(L96) -> 3594.08 | M97: =SUM(M96:M96) -> 0 | N97: =SUM(N96:N96) -> 0 | O97: =SUM(O96:O96) -> 0 | P97: =SUM(P96:P96) -> 3594.08
B99: PROYECTO/ PROGRAMA: | D99: 8
B100: SERVICIOS COMUNALES
B101: PROGRAMA | C101: RESCATE DE LA CULTURA Y TRADICIONES DE LA PARROQUIA
B102: Departamento / Unidad | C102: Comisión de: Social, Cultural, Deportivo de Igualdad y Género
B103: META PDOT | C103: INCREMENTAR AL 30% EL NIVEL DE PARTICIPACIÓN DE LA POBLACIÓN HACIA UN DESARROLLO CULTURAL DE LA PARROQUIA HASTA EL 2023
B104: INDICADOR PDOT | C104: % de participación de la población en el Desarrollo cultural de la Parroquia
B105: SUBPROGRAMAS | C105: ACTIVIDADES | D105: META | F105: FUENTE DE VERIFICACIÓN | G105: DENOMINACIÓN DE PARTIDA | H105: GASTO ANUAL | M105: CRONOGRAMA DE GASTO TRIMESTRAL | Q105: RESPONSA BLE
D106: UNIDAD | E106: RESULTADO | H106: COD Partida | I106: COD FINAL | J106: CODIFICADO INICIAL | K106: FUENTE DE FINANCIAMIENTO | L106: Monto total | M106: 1er. Trimestre | N106: 2do. Trimestre | O106: 3er. Trimestre | P106: 4to Trimestre
B107: Rescate de Tradiciones y Cultura de la parroquia San Gerardo | C107: Realizar eventos culturales y sociales, decoración, conciertos y espectáculos, para la integración y bienestar de los habitantes de la parroquia | D107: % | E107: 100 | F107: FACTURAS E INFORMES | G107: Espectáculos sociales y culturales | H107: 7302050 | I107: =13320 -> 13320 | J107: 0 | K107: TRANSFERENCIAS DEL GOBIERNO | L107: =SUM(I107:I111) -> 16780 | M107: 2500 | N107: 2500 | O107: 2500 | P107: 5820
G108: Materiales de oficina | H108: 7308040 | I108: 40 | J108: 60 | M108: 20 | N108: 10 | O108: 10 | P108: 0
...

Sheet MATRIZ SIGAD 
A1: MATRIZ DE INFORMACIÓN SIGAD
A2: EJECICIO FISCAL: | B2: 2023
A3: RAZON SOCIAL:
A4: RUC:
A6: PLANIFICACIÓN | O6: SEGUIMIENTO
O7: AVANCE PRESUPUESTO | AG7: DEVENGADO FINAL | AH7: PAGADO FINAL
A8: Objetivos de Desarrollo Sostenible (ODS) | B8: Objetivo del Plan Nacional Desarrollo | C8: Meta PND (meta para la zona) | D8: Competencias GAD | E8: Objetivo del PDOT | F8: Meta de resultados del PDOT | G8: Indicador | H8: Línea base | I8: Año Línea base | J8: Año de cumplimiento de la meta | K8: Meta acumulada anual | L8: Valor real acumulado para el año | M8: Programa | N8: Proyecto | O8: Codificado inicial/Asignacion Inicial | P8: Codificado final / Codificado | Q8: PRIMER TRIMESTRE | U8: SEGUNDO TRIMESTRE | Y8: TERCER TRIMESTRE | AC8: CUARTO TRIMESTRE
P10: Reforma | Q10: Codificado programado | R10: Devengado | S10: Pagado | T10: % Ejecución | U10: Codificado programado | V10: Devengado | W10: Pagado | X10: % Ejecución | Y10: Codificado programado | Z10: Devengado | AA10: Pagado | AB10: % Ejecución | AC10: Codificado programado | AD10: Devengado | AE10: Pagado | AF10: % Ejecución
A11: 8 | B11: 2 | C11: 2.3.1 | E11: Gestionar el mejoramiento de la cobertura y la calidad de los servicios básicos (agua potable, alcantarillado, recolección de basura e infraestructura y áreas verdes de recreación para brindar un servicio de calidad, accesibildad que contribuyan a la mejor calidad de vida de la ciudadaníade la parroquia | F11: INCREMENTAR DEL 0 AL 1.4 EL ÍNDICEVERDE URBANO PARROQUIAL HASTA EL 2023 | G11: Número de metros de índice verde urbano costruidos en la parroquia | H11: 0 | I11: 2019 | J11: 2023 | K11: 1.4 | L11: 1.4 | N11: =+POA_2023!C5 -> MANTENIMIENTO DE ESPACIOS PUBLICOS DE LA PARROQUIA | O11: =+POA_2023!J11 -> 7745.92 | P11: =+POA_2023!I11 -> 7451.92 | Q11: =+POA_2023!M12 -> 1850 | R11: =+'PROYECTOS 2023'!K12 -> 1619.76 | S11: =+'PROYECTOS 2023'!L12 -> 1490.9 | T11: =IF(Q11=0,0,R11/Q11) -> 0.87554595 | U11: =+POA_2023!N12 -> 1850 | V11: =+'PROYECTOS 2023'!P12 -> 1619.75 | W11: =+'PROYECTOS 2023'!Q12 -> 1174.78 | X11: =IF(U11=0,0,V11/U11) -> 0.87554054 | Y11: =+POA_2023!O12 -> 1850 | Z11: =+'PROYECTOS 2023'!U12 -> 2069.75 | AA11: =+'PROYECTOS 2023'!V12 -> 2505.72 | AB11: =IF(Y11=0,0,Z11/Y11) -> 1.1187838 | AC11: =+POA_2023!P12 -> 1901.92 | AD11: =+'PROYECTOS 2023'!Z12 -> 2067.71 | AE11: =+'PROYECTOS 2023'!AA12 -> 2067.7 | AF11: =IF(AC11=0,0,AD11/AC11) -> 1.0871698 | AG11: =R11+V11+Z11+AD11 -> 7376.97 | AH11: =S11+W11+AA11+AE11 -> 7239.1
A12: 3 | B12: 6 | C12: 6.7.4 | E12: Contribuir al mejoramiento de los servicios sociales y el fortalecimiento de la cohesión social, mediante gestiones de cooperación que permitan reducir los índices de pobreza y lograr consolidar una atención integral para todos los grupos vulnerables de la parroquia. | F12: Incrementar un 30% de participación del grupo de atención prioritaria en actividades motivacionales, lúdicas y recreativas hasta el 2023 | G12: % de participación de grupos de atención prioritaria activos e integrados en diferentes actividades | H12: 60 | I12: 2019 | J12: 2023 | K12: 90 | L12: 90 | N12: ATENCIÓN A GRUPOS DE ATENCIÓN PRIORITARIA DE LA PAROQUIA DE SAN GERARDO | O12: =+'PROYECTOS 2023'!C34 -> 16122.92 | P12: =+'PROYECTOS 2023'!I34 -> 13586.21 | Q12: =+POA_2023!M29 -> 1400 | R12: =+'PROYECTOS 2023'!K34 -> 2900.54 | S12: =+'PROYECTOS 2023'!L34 -> 2872.28 | T12: =IF(Q12=0,0,R12/Q12) -> 2.0718143 | U12: =+POA_2023!N29 -> 3589.29 | V12: =+'PROYECTOS 2023'!P34 -> 1445.85 | W12: =+'PROYECTOS 2023'!Q34 -> 1472.46 | X12: =IF(U12=0,0,V12/U12) -> 0.4028234 | Y12: =+POA_2023!O29 -> 3900 | Z12: =+'PROYECTOS 2023'!U34 -> 2127.64 | AA12: =+'PROYECTOS 2023'!V34 -> 2127.64 | AB12: =IF(Y12=0,0,Z12/Y12) -> 0.54554872 | AC12: =+POA_2023!P29 -> 4696.92 | AD12: =+'PROYECTOS 2023'!Z34 -> 4730 | AE12: 4730 | AF12: =IF(AC12=0,0,AD12/AC12) -> 1.0070429 | AG12: =R12+V12+Z12+AD12 -> 11204.03 | AH12: =S12+W12+AA12+AE12 -> 11202.38
A13: 6 | B13: 3 | C13: 3.1.4 | E13: Impulsar un desarrollo integral, conservando los ecosistemas naturales para reducir la contaminación de fuentes hídricas y fortalecer la capacidad de mitigación y adaptación ante los efectos del cambio climático en la parroquia San Gerardo. | F13: INCREMENTAR AL 28% EL ACCESO A RIEGO TECNIFICADO EN LA PARROQUIA HASTA EL 2023 | G13: % de familias con acceso a riego tecnificado | H13: 0 | I13: 2019 | J13: 2023 | K13: 0.28 | L13: 0.25 | M13: PRESUPUESTO PARTICIPATIVO COMUNIDADES SAN GERARDO | N13: ATENCIÓN MEDIANTE PRESUPUESTO PARTICIPATIVO COMUNIDADES SAN GERARDO | O13: =+'PROYECTOS 2023'!C49 -> 9200 | P13: =+'PROYECTOS 2023'!I49 -> 27763.71 | Q13: =+POA_2023!M47 -> 2500 | R13: =+'PROYECTOS 2023'!K49 -> 4715.82 | S13: =+'PROYECTOS 2023'!L49 -> 4712.4 | T13: =IF(Q13=0,0,R13/Q13) -> 1.886328 | U13: =+POA_2023!N47 -> 10710.71 | V13: =+'PROYECTOS 2023'!P49 -> 10474.71 | W13: =+'PROYECTOS 2023'!Q49 -> 10030.52 | X13: =IF(U13=0,0,V13/U13) -> 0.97796598 | Y13: =+POA_2023!O47 -> 7700 | Z13: =+'PROYECTOS 2023'!U49 -> 5000 | AA13: =+'PROYECTOS 2023'!V49 -> 5000 | AB13: =IF(Y13=0,0,Z13/Y13) -> 0.64935065 | AC13: =+POA_2023!P47 -> 6853 | AD13: =+'PROYECTOS 2023'!Z49 -> 2101.86 | AE13: =+'PROYECTOS 2023'!AA49 -> 2086.73 | AF13: =IF(AC13=0,0,AD13/AC13) -> 0.30670655 | AG13: =R13+V13+Z13+AD13 -> 22292.39 | AH13: =S13+W13+AA13+AE13 -> 21829.65
A14: 16 | B14: 15 | C14: 4.1.1 | E14: Promover la organización de los ciudadanos de las comunas, recintos y demás asentamientos rurales con el carácter de organizaciones territoriales de base. | F14: INCREMENTAR UN 10% LA GESTION INSTITUCIONAL DEL GAD PARROQUIAL SAN GERARDO HASTA EL 2023 | G14: % de Gestión Institucional del GAD Parroquial | H14: 80 | I14: 2019 | J14: 2023 | K14: 90 | L14: 90 | N14: FORTALECIM IENTO DEL GAD PARROQUIAL | O14: 18144 | P14: 15144 | Q14: =+POA_2023!M58 -> 4320 | R14: =+'PROYECTOS 2023'!K62 -> 3200 | S14: 3200 | T14: =IF(Q14=0,0,R14/Q14) -> 0.74074074 | U14: =+POA_2023!N58 -> 4320 | V14: 1200 | W14: 920 | X14: =IF(U14=0,0,V14/U14) -> 0.27777778 | Y14: =+POA_2023!O58 -> 4320 | Z14: 2773.33 | AA14: 2936 | AB14: =IF(Y14=0,0,Z14/Y14) -> 0.64197454 | AC14: =+POA_2023!P58 -> 2184 | AD14: 7625 | AE14: 7574.83 | AF14: =IF(AC14=0,0,AD14/AC14) -> 3.4913004 | AG14: =R14+V14+Z14+AD14 -> 14798.33 | AH14: =S14+W14+AA14+AE14 -> 14630.83
A15: 8 | B15: 2 | C15: 2.3.1 | E15: Gestionar el mejoramiento de la cobertura y la calidad de los servicios básicos (agua potable, alcantarillado, recolección de basura e infraestructura y áreas verdes de recreación para brindar un servicio de calidad, accesibildad que contribuyan a la mejor calidad de vida de la ciudadaníade la parroquia | F15: INCREMENTAR DEL 0 AL 1.4 AL INDICE VERDE URBANO PARROQUIAL HASTA EL 2023 | G15: Nùmero de metros de ìndice verde urbano construidos en la parroquia. | H15: 0 | I15: 2019 | J15: 2023 | K15: 1.4 | L15: 1.4 | N15: MEJORAMIENTO DE INFRAESTRUCTURA DE LA PARROQUIA SAN GERARDO | O15: =+'PROYECTOS 2023'!C73 -> 86200 | P15: =+'PROYECTOS 2023'!I73 -> 88600 | Q15: =+POA_2023!M73 -> 0 | R15: =+'PROYECTOS 2023'!K73 -> 0 | S15: =+'PROYECTOS 2023'!L73 -> 0 | T15: =IF(Q15=0,0,R15/Q15) -> 0 | U15: =+POA_2023!N73 -> 24500 | V15: =+'PROYECTOS 2023'!P73 -> 52843.3 | W15: =+'PROYECTOS 2023'!Q73 -> 52688.45 | X15: =IF(U15=0,0,V15/U15) -> 2.1568694 | Y15: =+POA_2023!O73 -> 26300 | Z15: =+'PROYECTOS 2023'!U73 -> 31577.26 | AA15: =+'PROYECTOS 2023'!V73 -> 31727.26 | AB15: =IF(Y15=0,0,Z15/Y15) -> 1.2006563 | AC15: =+POA_2023!P73 -> 37800 | AD15: =+'PROYECTOS 2023'!Z73 -> 0 | AE15: =+'PROYECTOS 2023'!AA73 -> 0 | AF15: =IF(AC15=0,0,AD15/AC15) -> 0 | AG15: =R15+V15+Z15+AD15 -> 84420.56 | AH15: =S15+W15+AA15+AE15 -> 84415.71
A16: 9 | B16: 2 | C16: 2.2.3 | E16: Mejorar la red vial rural de la parroquia para brindar un servicio de calidad, accesibilidd, reducción de tiempos, potenciar el coercio y productividd de la población | F16: DAR MANTENIMIENTO A 7KM DE VÍAS RURALES DE LA PARROQUIA CADA AÑO HASTA 2023 | G16: Kilómetros de vías más críticas con mantenimiento periódico ejecutado en la parroquia | H16: 0 | I16: 2019 | J16: 2023 | K16: 7 | L16: 7 | M16: PRESUPUESTO PARTICIPATIVO COMUNIDADES SAN GERARDO | N16: MANTENIMIENTO VIAL COMUNIDADES | O16: =+'PROYECTOS 2023'!C85 -> 12300 | P16: =+'PROYECTOS 2023'!H85 -> 66600.11 | Q16: =+POA_2023!M86 -> 20000 | R16: =+'PROYECTOS 2023'!K85 -> 56525.09 | S16: =+'PROYECTOS 2023'!L85 -> 26152.64 | T16: =IF(Q16=0,0,R16/Q16) -> 2.8262545 | U16: =+POA_2023!N86 -> 21000 | V16: =+'PROYECTOS 2023'!P85 -> 0 | W16: =+'PROYECTOS 2023'!Q85 -> 30372.45 | X16: =IF(U16=0,0,V16/U16) -> 0 | Y16: =+POA_2023!O86 -> 16300 | Z16: =+'PROYECTOS 2023'!U85 -> 0 | AA16: =+'PROYECTOS 2023'!V85 -> 0 | AB16: =IF(Y16=0,0,Z16/Y16) -> 0 | AC16: =+POA_2023!P86 -> 9300.11 | AD16: =+'PROYECTOS 2023'!Z85 -> 7154.64 | AE16: =+'PROYECTOS 2023'!AA85 -> 6290 | AF16: =IF(AC16=0,0,AD16/AC16) -> 0.76930703 | AG16: =R16+V16+Z16+AD16 -> 63679.73 | AH16: =S16+W16+AA16+AE16 -> 62815.09
F17: INCREMENTAR AL 30% EL NIVEL DE PARTICIPACIÓN DE LA POBLACIÓN HACIA UN DESARROLLO CULTURAL DE LA PARROQUIA HASTA EL 2023 | G17: % de participación de la población en el desasrrollo cultural de la parroquia | H17: 70 | I17: 2019 | J17: 2023 | K17: 100 | L17: 100 | N17: ILUMINACION ARTISTICA Y DECORATIVA DE LA PARROQUIA | O17: =+'PROYECTOS 2023'!C89 -> 3500 | P17: =+'PROYECTOS 2023'!H89 -> 3500 | Q17: =+POA_2023!M97 -> 0 | R17: =+'PROYECTOS 2023'!K89 -> 0 | S17: =+'PROYECTOS 2023'!L89 -> 0 | T17: =IF(Q17=0,0,R17/Q17) -> 0 | U17: =+POA_2023!N97 -> 0 | V17: =+'PROYECTOS 2023'!P89 -> 0 | W17: =+'PROYECTOS 2023'!Q89 -> 0 | X17: =IF(U17=0,0,V17/U17) -> 0 | Y17: =+POA_2023!O97 -> 0 | Z17: =+'PROYECTOS 2023'!U89 -> 0 | AA17: =+'PROYECTOS 2023'!V89 -> 0 | AB17: =IF(Y17=0,0,Z17/Y17) -> 0 | AC17: =+POA_2023!P97 -> 3594.08 | AD17: =+'PROYECTOS 2023'!Z89 -> 3053.06 | AE17: =+'PROYECTOS 2023'!AA89 -> 3053.06 | AF17: =IF(AC17=0,0,AD17/AC17) -> 0.84946913 | AG17: =R17+V17+Z17+AD17 -> 3053.06 | AH17: =S17+W17+AA17+AE17 -> 3053.06
